 Dungeon Crawl Stone Soup version 0.25-a0-496-g8c4878dea3 (webtiles) character file.

Game seed: 13214027753598090210, levelgen mode: deterministic

59 Aggronaut the Ruffian (level 3, -7/31 HPs)
             Began as a Draconian Monk on Feb 12, 2020.
             Was a Believer of Okawaru.
             Killed by divine providence
             ... invoked by an orc priest
              (12 damage)
             ... on level 3 of the Dungeon.
             The game lasted 00:04:44 (1796 turns).

Aggronaut the Ruffian (Draconian Monk)              Turns: 1796, Time: 00:04:45

Health: -7/31      AC:  8    Str: 14    XL:     3   Next: 78%
Magic:  3/3        EV: 13    Int: 10    God:    Okawaru [**....]
Gold:   50         SH:  0    Dex: 13    Spells: 2/2 levels left

rFire    . . .     SeeInvis .     - Unarmed
rCold    . . .     Gourm    .   (no shield)
rNeg     . . .     Faith    .   (armour unavailable)
rPois    .         Spirit   .   (helmet restricted)
rElec    .         Reflect  .   (no cloak)
rCorr    .         Harm     .   (no gloves)
MR       .....                  i - +2 pair of boots
Stlth    ++........             (no amulet)
HPRegen  0.10/turn              (no ring)
MPRegen  0.08/turn              (no ring)

@: no status effects
A: unfitting armour, cold-blooded, AC +5
a: Heroism, Renounce Religion


You were on level 3 of the Dungeon.
You worshipped Okawaru.
Okawaru was pleased with you.
You were hungry.

You visited 1 branch of the dungeon, and saw 3 of its levels.

You collected 50 gold pieces.

Inventory:

Armour
 i - a +2 pair of boots (worn)
Jewellery
 c - a +5 ring of protection {unknown}
Scrolls
 f - 2 scrolls of fear
 h - a scroll of amnesia {unknown}
 l - a scroll of fog {unknown}
 m - a scroll of remove curse {unknown}
Potions
 b - a potion of ambrosia {unknown}
 d - 4 potions of curing
 e - a potion of heal wounds
 g - a potion of lignification
 j - 2 potions of agility {unknown}
 k - a potion of magic {unknown}
Comestibles
 a - 4 rations


   Skills:
 - Level 3.2 Fighting
 - Level 2.6 Dodging
 + Level 2.2 Stealth
 * Level 4.6 Unarmed Combat


You had 2 spell levels left.
You didn't know any spells.
Your spell library was empty.

Dungeon Overview and Level Annotations

Branches:
Dungeon (3/15)

Altars:
Okawaru


Innate Abilities, Weirdness & Mutations

Your plain brown scales are hard. (AC +5)
You cannot fit into any form of body armour.
You are cold-blooded and may be slowed by cold attacks.


Message History

You see here a leopard gecko corpse.
An orc and an orc priest come into view.
The orc priest is wielding a +1 hand axe of flaming.
The orc moves out of view.
Found a stone staircase leading up.
The orc priest shouts!
An orc comes into view. It is wielding a +0 trident.
The orc priest closely misses you.
The orc priest mumbles some strange prayers to Beogh against you.
Beogh smites you! The orc hits you but does no damage.
The orc shouts!
You hit the orc but do no damage. The orc closely misses you.
The orc priest mumbles some strange prayers to Beogh against you.
Beogh smites you!
* * * LOW HITPOINT WARNING * * *
The orc hits you but does no damage.
You barely miss the orc. The orc closely misses you.
The orc priest invokes the aid of Beogh against you.
Beogh smites you!
You die...

#....♣.♣............
#.#...♣...#....#....
#...........##.# ...
##.#.....#.## .# .
##.#.#......# .#
#....###...## .#
#...........#
#.....o.....#
#......@o...#
#.....o........
#####...........
#...<.......
#...........
#...........
###........
#........


You could see an orc priest and 2 orcs.

Vanquished Creatures
  An adder (D:3)
  An ooze (D:2)
  A dart slug (D:1)
  3 leopard geckos
  3 giant cockroaches
  2 goblins
  5 hobgoblins
  4 jackals (D:1)
  2 quokkas (D:2)
  4 bats
  8 frilled lizards
  5 kobolds
  A rat (D:1)
40 creatures vanquished.

Notes
Turn   | Place    | Note
-------+----------+-------------------------------------------
     0 | D:1      | Aggronaut the Draconian Monk began the quest for the Orb.
     0 | D:1      | Reached XP level 1. HP: 19/19 MP: 1/1
   128 | D:1      | Reached XP level 2. HP: 22/26 MP: 2/2
   342 | D:1      | Reached skill level 4 in Unarmed Combat
  1187 | D:2      | Reached XP level 3. HP: 28/31 MP: 3/3
  1694 | D:3      | Found an iron altar of Okawaru.
  1725 | D:3      | Became a worshipper of Warmaster Okawaru
  1725 | D:3      | Reached * piety under Okawaru
  1725 | D:3      | Reached ** piety under Okawaru
  1796 | D:3      | Killed from afar by an orc priest

Levels and vault maps discovered:
D:1:      lightli_arrival_windingriver, layout_loops_ring
D:2:      layout_basic
D:3:      minmay_inner_zag, layout_basic, okawaru_trees_2,
          kiku_gazebo_pond_becter, uniq_jessica

Skill      XL: |  1  2  3 |
---------------+----------+-----
Unarmed Combat | 4 |  4.6
Stealth        | 2 |  2.2
Fighting       | |  3.2
Dodging        | |  2.6

Action                   || total
-------------------------++-------
Melee: Unarmed           ||   152
       Tailslap          ||    13
       Punch             ||     4
  Use: Scroll            ||     4
 Stab: Sleeping          ||     4
  Eat: Chunk             ||     2
Armor: Skin              ||    34
Dodge: Dodged            ||   103

Table legend:
 A = Non-vault XP
 B = Vault XP
 C = Vault XP percentage of total XP
 D = Non-vault monster count
 E = Vault monster count
 F = Vault count percentage of total count
                 A         B        C        D         E       F
            +---------+---------+-------+---------+---------+-------
      Total |      85 |       0 |   0.0 |      40 |       0 |   0.0
            +---------+---------+-------+---------+---------+-------
        D:1 |      34 |       0 |   0.0 |      20 |       0 |   0.0
        D:2 |      29 |       0 |   0.0 |      14 |       0 |   0.0
        D:3 |      22 |       0 |   0.0 |       6 |       0 |   0.0
            +---------+---------+-------+---------+---------+-------
